 Dungeon Crawl Stone Soup version 0.28-a0-861-ge64d6db94f (webtiles) character file.

Game seed: 4327496246739695196

30 bande the Covered (level 3, 0/23 HPs)
             Began as a Gargoyle Fighter on Nov 15, 2021.
             Hit by a goblin thrown by Robin (2 damage)
             ... on level 2 of the Dungeon.
             The game lasted 00:01:34 (923 turns).

bande the Covered (Gargoyle Fighter)                 Turns: 923, Time: 00:01:34

Health: 0/23       AC: 10    Str: 20    XL:     3   Next: 18%
Magic:  3/3        EV:  9    Int:  8    God:
Gold:   43         SH:  4    Dex:  9    Spells: 2/2 levels left

rFire   . . .      SeeInvis .   a - +0 war axe
rCold   . . .      Faith    .   c - +0 buckler
rNeg    + . .      Spirit   .   b - +0 scale mail
rPois   ∞          Reflect  .   (no helmet)
rElec   +          Harm     .   (no cloak)
rCorr   .          Rampage  .   (no gloves)
Will    .....                   (no boots)
Stlth   ..........              (no amulet)
HPRegen 0.07/turn               (no ring)
MPRegen 0.08/turn               (no ring)

@: no status effects
A: sickness immunity, AC +3, negative energy resistance 1, electricity
resistance, torment resistance 1, petrification resistance, high mp 1
a: no special abilities


You were on level 2 of the Dungeon.
You visited 1 branch of the dungeon, and saw 2 of its levels.

You collected 43 gold pieces.

Inventory:

Hand Weapons
 a - a +0 war axe (weapon)
Armour
 b - a +0 scale mail (worn)
 c - a +0 buckler (worn)
Potions
 d - a potion of might
 f - a potion of cancellation {unknown}


   Skills:
 + Level 3.5 Fighting
 + Level 2.1 Axes
 + Level 4.0 Armour
 + Level 3.5 Shields


You had 2 spell levels left.
You didn't know any spells.
Your spell library was empty.

Dungeon Overview and Level Annotations

Branches:
Dungeon (2/15)

Altars:

Annotations:
D:2 Robin


Innate Abilities, Weirdness & Mutations

You are immune to sickness and miasma.
Your stone body is resilient. (AC +3)
You are immune to poison.
You resist negative energy. (rN+)
You are resistant to electric shocks. (rElec)
You are resistant to unholy torment.
You are immune to petrification.
You have an increased reservoir of magic. (+10% MP)


Message History

Robin roars a battlecry!
The goblin goes into a battle-frenzy!
Unknown command.
You slash the goblin!
You kill the goblin!
Robin hits you with a +0 whip.
* * * LOW HITPOINT WARNING * * *
Your Armour skill increases to level 4!
You hit Robin.
Robin is moderately wounded.
Robin throws the goblin at you!
* * * LOW HITPOINT WARNING * * *
The goblin hits you but does no damage.
You barely miss Robin.
Robin is moderately wounded.
You barely miss the goblin. Robin closely misses you.
The goblin completely misses you.
Unknown command.
You feel better. Robin hits you with a +0 whip.
* * * LOW HITPOINT WARNING * * *
The goblin closely misses you.
You barely miss Robin.
Robin is moderately wounded.
You closely miss the goblin.
The goblin no longer looks unusually strong.
Robin roars a battlecry!
The goblin goes into a battle-frenzy!
The goblin closely misses you. Robin hits you but does no damage.
The goblin closely misses you.
You barely miss Robin.
Robin is moderately wounded.
You closely miss the goblin.
The goblin no longer looks unusually strong.
Robin hits you but does no damage. The goblin barely misses you.
You hit Robin.
Robin is heavily wounded.
You slash the goblin!
You kill the goblin!
Robin hits you but does no damage. Robin throws the goblin at you!
You die...

### #####
#####.####...####
#..........#....#####
#.###...##..........#
#...........##..##
#.###.#######.##.....#
#...g)# #.##.###.#
#####@# #.##.# #.# #g#
#.##.###.# g..
#.##.....# .....
#.###.#.## .......
#.......#
.........####....###
+.........+.......#
#.>.......####....#
##.#.#


You could see Robin and 2 goblins.

Vanquished Creatures
  An orc (D:2)
  2 bats (D:1)
  2 endoplasms (D:1)
  A giant cockroach (D:1)
  10 goblins
  3 hobgoblins
  3 kobolds (D:1)
  A ball python (D:2)
  2 rats
25 creatures vanquished.

Notes
Turn   | Place    | Note
-------+----------+-------------------------------------------
     0 | D:1      | bande the Gargoyle Fighter began the quest for the Orb.
     0 | D:1      | Reached XP level 1. HP: 14/14 MP: 1/1
   194 | D:1      | Gained mutation: You have an increased reservoir of magic.
                  | (+10% MP) [potion of mutation]
   317 | D:1      | Reached XP level 2. HP: 17/19 MP: 2/2
   321 | D:1      | Found a faded altar of an unknown god.
   899 | D:2      | Noticed Robin
   912 | D:2      | Reached XP level 3. HP: 3/23 MP: 3/3
   918 | D:2      | Reached skill level 4 in Armour
   918 | D:2      | HP: 1/23 [Robin/goblin (2)]
   923 | D:2      | Hit by a goblin thrown by Robin

Illustrated notes

Levels and vault maps discovered:
D:1:      dpeg_arrival_simpleton_c, layout_basic,
          ebering_ecumenical_altar_sacrificial
D:2:      layout_loops_corners, uniq_robin, uniq_natasha

Skill      XL: |  1  2  3 |
---------------+----------+-----
Axes           | 2 |  2.1
Armour         | 4 |  4.0
Fighting       | |  3.5
Shields        | |  3.5

Action                   || total
-------------------------++-------
Melee: War axe           ||    68
  Use: Scroll            ||     3
       Potion            ||     3
Armor: Scale mail        ||    59
Dodge: Dodged            ||    43
Block: Buckler           ||    24

Table legend: (Time is in decaauts)
 A = Elapsed time spent in this place.
 B = Non-inter-level travel time spent in this place.
 C = Inter-level travel time spent in this place.
 D = Time resting spent in this place.
 E = Time spent auto-exploring this place.
 F = Levels seen in this place.
 G = Mean time per level.
                   A        B        C        D        E       F      G
               +--------+--------+--------+--------+--------+-----+--------+
         Total |    950 |    950 |      0 |      0 |    755 |   2 |  475.0 |
       Dungeon |    950 |    950 |      0 |      0 |    755 |   2 |  475.0 |
               +--------+--------+--------+--------+--------+-----+--------+

Top non-repeatable levels by time:
     D:1: 689 daAuts
     D:2: 261 daAuts
